 Dungeon Crawl Stone Soup version 0.21.1-1-g345015f (webtiles) character file.

11294 tidbits the Thaumaturge (level 11, -15/129 HPs)
             Began as a Gnoll Skald on June 23, 2018.
             Was a Priest of Cheibriados.
             Demolished by a death yak (16 damage)
             ... on level 5 of the Lair of Beasts on June 24, 2018.
             The game lasted 00:30:55 (2123 turns).

tidbits the Thaumaturge (Gnoll Skald)               Turns: 2123, Time: 00:30:56

Health: -15/129    AC: 25    Str: 21    XL:     11   Next: 75%
Magic:  9/23       EV:  2    Int: 26    God:    Cheibriados [***...]
Gold:   194        SH:  0    Dex: 21    Spells: 15/26 levels left

rFire    . . .     SeeInvis .   a - +2 war axe (chop)
rCold    . . .     Gourm    .   (no shield)
rNeg     + + +     Faith    .   (armour currently unavailable)
rPois    +         Spirit   .   (helmet currently unavailable)
rElec    .         Reflect  .   (cloak currently unavailable)
rCorr    .         Harm     .   (gloves currently unavailable)
MR       .....     NoTele   +   (boots currently unavailable)
Stlth    ++++......             (no amulet)
HPRegen  0.31/turn              V - +6 ring of evasion
MPRegen  0.18/turn              t - +3 ring of evasion

@: tree-form, singing, very slightly contaminated, hasted, slow
A: distributed training, strong nose
a: Bend Time, Temporal Distortion, Renounce Religion


You were on level 5 of the Lair of Beasts.
You worshipped Cheibriados.
Cheibriados was most pleased with you.
You were not hungry.
You were a tree.
You visited 3 branches of the dungeon, and saw 15 of its levels.
You also visited: Ice Cave.

You collected 194 gold pieces.

Inventory:

Hand Weapons
 a - a +2 war axe of chopping (weapon)
   (You found it on level 5 of the Dungeon)
 h - a +0 dagger
 m - a +0 long sword
 n - a +0 trident
 s - a +0 hand axe
 u - a +0 war axe
 D - a +2 scimitar of flaming
   (You took it off Erica on level 2 of the Lair of Beasts)
 G - the +1 flail of Hamufich {venom, rF++ Int+4}
   (You found it on level 2 of the Lair of Beasts)

   It poisons the flesh of those it strikes.
   It affects your intelligence (+4).
   It greatly protects you from fire.
Missiles
 i - 57 arrows
 k - 3 silver tomahawks (quivered)
 q - 21 stones
 w - 2 throwing nets {!f}
Armour
 b - a +0 leather armour
 B - a +0 ring mail (melded)
 E - a +0 helmet (melded)
 F - a +2 robe of the Archmagi
   (You took it off Erica on level 2 of the Lair of Beasts)
Jewellery
 t - a +3 ring of evasion (right branch)
   (You found it on level 3 of the Dungeon)
 V - a +6 ring of evasion (left branch)
   (You found it on level 2 of the Dungeon)
Wands
 p - a wand of polymorph (21)
 A - a wand of flame (24)
Scrolls
 f - 2 scrolls of enchant weapon
 j - a scroll of teleportation {unknown}
 l - a scroll of fear
 r - 2 scrolls of remove curse
 x - a scroll of acquirement
 y - a scroll of summoning {unknown}
Potions
 e - 3 potions of degeneration
 g - a potion of curing
 z - a potion of brilliance {unknown}
 H - a potion of might {unknown}
 I - a potion of ambrosia {unknown}
Books
 d - a book of Battle

   Spells                             Type                      Level
   a - Infusion                       Charms                       1
   b - Shroud of Golubria             Charms/Translocation         2
   c - Song of Slaying                Charms                       2
   d - Spectral Weapon                Hexes/Charms                 3
   e - Regeneration                   Charms/Necromancy            3
Comestibles
 c - 8 rations


   Skills:
 + Level 8.0 Fighting
 + Level 6.5 Short Blades
 + Level 6.5 Long Blades
 + Level 8.0 Axes
 + Level 6.5 Maces & Flails
 + Level 6.5 Polearms
 + Level 6.5 Staves
 + Level 6.5 Slings
 + Level 6.5 Bows
 + Level 6.5 Crossbows
 + Level 6.5 Throwing
 + Level 7.0 Armour
 + Level 8.0 Dodging
 + Level 6.5 Stealth
 + Level 6.5 Shields
 + Level 6.5 Unarmed Combat
 + Level 8.3 Spellcasting
 + Level 5.3 Conjurations
 + Level 5.3 Hexes
 + Level 7.7 Charms
 + Level 5.3 Summonings
 + Level 5.3 Necromancy
 + Level 5.3 Translocations
 + Level 5.3 Transmutations
 + Level 5.3 Fire Magic
 + Level 5.3 Ice Magic
 + Level 5.3 Air Magic
 + Level 5.3 Earth Magic
 + Level 5.3 Poison Magic
 + Level 7.1 Invocations
 + Level 6.5 Evocations


You had 15 spell levels left.
You knew the following spells:

 Your Spells              Type           Power        Failure   Level  Hunger
g - Shroud of Golubria    Chrm/Tloc      #####.....   1%          2    None
i - Infusion              Chrm           ####         1%          1    None
r - Regeneration          Chrm/Necr      #####.....   1%          3    None
w - Spectral Weapon       Hex/Chrm       #####...     1%          3    None
y - Song of Slaying       Chrm           ######..     1%          2    None


Dungeon Overview and Level Annotations

Branches:
Dungeon (9/15)             Temple (1/1) D:6            Lair (5/6) D:9
  Swamp: Lair:2-4    Shoals: Lair:2-4     Snake: Lair:2-4    Spider: Lair:2-4
  Slime: Lair:5-6       Orc: D:9-12

Altars:
Cheibriados
Dithmenos
Fedhas
Hepliaklqana
Okawaru
Qazlal
Ru
Uskayaw
Vehumet
Wu Jian
Yredelemnul
Zin
The Shining One

Annotations:
Lair:2 exclusion: hydra


Innate Abilities, Weirdness & Mutations

Your experience applies equally to all skills.
((You have very sharp teeth.))
Your uncanny sense of smell can sniff out nearby items.


Message History

Your spectral weapon hits the death yak.
Your spectral weapon barely misses the death yak.
The death yak gores your spectral weapon!!
Your spectral weapon shares its damage with you!
You hit the death yak but do no damage. Your punch misses the death yak.
The death yak is moderately wounded.
Your spectral weapon hits the death yak. x2
The death yak gores you.
The death yak gores your spectral weapon.
Your spectral weapon shares its damage with you!
Your spectral weapon fades away.
Casting: Spectral Weapon
Confirm with . or Enter, or press ? or * to list all spells.
You draw out your weapon's spirit!
The death yak gores you.
You barely miss the death yak.
You bite the death yak, but do no damage.
The death yak is moderately wounded.
You slash the death yak!
The death yak is almost dead.
You hit the death yak.
Your spectral weapon hits the death yak but does no damage.
Your spectral weapon hits the death yak.
The death yak closely misses you.
You hit the death yak.
You kill the death yak!
Cheibriados appreciates the change of pace.
Your ring mail prevents you from hitting the death yak.
You slash the death yak! The death yak closely misses you.
The death yak gores you!
You hit the death yak.
The death yak is severely wounded.
You slash the death yak!
Your spectral weapon barely misses the death yak.
Your spectral weapon hits the death yak but does no damage.
Your spectral weapon hits the death yak!
The death yak completely misses you.
You hit the death yak but do no damage.
The death yak is severely wounded.
You slash the death yak!
Your spectral weapon hits the death yak!
Your spectral weapon hits the death yak. x2
You kill the death yak!
Your Invocations skill increases to level 7!
The death yak gores your spectral weapon!!
Your spectral weapon shares its damage with you!
* * * LOW HITPOINT WARNING * * *
The death yak completely misses you.
You slash the death yak!
The death yak is almost dead.
Your spectral weapon hits the death yak.
You kill the death yak!
Your Fighting skill increases to level 8!
Your Axes skill increases to level 8!
Your Armour skill increases to level 7!
Your Dodging skill increases to level 8!
Your spectral weapon hits the death yak but does no damage.
The death yak barely misses your spectral weapon.
Casting: Spectral Weapon
Confirm with . or Enter, or press ? or * to list all spells.
Space distorts slightly along a thin shroud covering your body.
The death yak gores your spectral weapon!!
Your spectral weapon shares its damage with you!
Your spectral weapon fades away.
* * * LOW HITPOINT WARNING * * *
Casting: Shroud of Golubria
Confirm with . or Enter, or press ? or * to list all spells.
You draw out your weapon's spirit!
You barely miss the death yak.
Your spectral weapon hits the death yak but does no damage.
Your spectral weapon hits the death yak.
The death yak gores you!
* * * LOW HITPOINT WARNING * * *
It was a potion of lignification.
You turn into a tree.
Your +0 helmet melds into your body.
Your +0 ring mail melds into your body.
Your roots penetrate the ground.
Your shroud bends the death yak's attack away.
The death yak gores you!
* * * LOW HITPOINT WARNING * * *
You hit the death yak but do no damage.
The death yak is lightly wounded.
You barely miss the death yak.
Your spectral weapon hits the death yak! x2
Your spectral weapon hits the fungus!
You destroy the fungus!
You slice the death yak!!
The death yak is heavily wounded.
You hit the death yak but do no damage.
Your spectral weapon hits the death yak but does no damage. x2
Your shroud bends the death yak's attack away.
The death yak gores you!
* * * LOW HITPOINT WARNING * * *
Your shroud falls apart!
You hit the death yak.
The death yak is severely wounded.
You completely miss the death yak.
Your spectral weapon hits the death yak.
Your spectral weapon hits the death yak but does no damage.
The death yak gores you!
* * * LOW HITPOINT WARNING * * *
The death yak gores you!
You die...

##### ############.
#########.P.###..#.P.......
##.##P#.....P#..............
##........................... ##
#.#............P.............
#.##............................
##...............(.#.............
#...............YY#...Y..........
###.............♣.##...Y......Y..
#.............######..Y....§..Y.
#............<..# ##......†....
#.............P## ###P........
#...........#### ###.......
##.........## ##......
#.........# ####... ##.#.....##
.## #####...# ##


You could see 2 death yaks and a friendly spectral war axe of chopping.

Vanquished Creatures
  Erica (Lair:2)
  3 death yaks (Lair:5)
  Nergalle (Lair:3)
  6 spiny frogs
  A rime drake (Lair:5)
  A komodo dragon (Lair:2)
  2 ice devils (Lair:1)
  3 polar bears
  A hippogriff (Lair:3)
  4 blink frogs (Lair:3)
  A yak (D:9)
  2 vampire mosquitoes (D:8)
  9 porcupines
  4 water moccasins
  An orc warrior (D:6)
  An ice beast (D:5)
  4 black bears
  2 ogres
  3 wolves (IceCv)
  4 crocodiles
  A scorpion (Lair:2)
  4 wights
  2 electric eels (Lair:3)
  A howler monkey (D:6)
  4 hounds
  An orc priest (D:5)
  A gnoll shaman (D:6)
  2 orc wizards
  Ijyb (D:3)
  2 iguanas
  3 worker ants
  The ghost of tidbits the Charmwright, a weakling GnSk (D:3)
  A hound skeleton (D:6)
  Robin (D:4)
  8 adders
  3 gnolls (D:6)
  A shadow imp (D:5)
  An adder zombie (D:1)
  2 dart slugs
  5 leopard geckos
  17 orcs
  4 giant cockroaches
  13 goblins
  7 hobgoblins
  3 jackals (D:6)
  6 kobolds
  2 quokkas
  2 ball pythons (D:3)
  5 bats
  2 frilled lizards (D:2)
  A rat (D:1)
  4 fungi
  3 plants (D:9)
168 creatures vanquished.

Vanquished Creatures (others)
  7 fungi
  3 plants
  5 spectral weapons
15 creatures vanquished.

Grand Total: 183 creatures vanquished

Notes
Turn   | Place    | Note
-------+----------+-------------------------------------------
     0 | D:1      | tidbits the Gnoll Skald began the quest for the Orb.
     0 | D:1      | Reached XP level 1. HP: 20/20 MP: 6/6
    73 | D:1      | Reached XP level 2. HP: 22/26 MP: 4/7
    77 | D:1      | Learned a level 2 spell: Song of Slaying
    80 | D:1      | Learned a level 2 spell: Shroud of Golubria
   288 | D:2      | Reached XP level 3. HP: 31/31 MP: 9/9
   293 | D:2      | Learned a level 3 spell: Regeneration
   294 | D:2      | Reached skill level 5 in Spellcasting
   302 | D:2      | Learned a level 3 spell: Spectral Weapon
   326 | D:2      | Reached skill level 1 in Invocations
   374 | D:2      | Found an ornate altar of the Wu Jian Council.
   438 | D:2      | Found a radiant altar of Vehumet.
   439 | D:2      | Found a blossoming altar of Fedhas.
   461 | D:3      | Noticed Ijyb
   481 | D:3      | Killed Ijyb
   481 | D:3      | Reached skill level 1 in Short Blades
   481 | D:3      | Reached skill level 1 in Long Blades
   481 | D:3      | Reached skill level 1 in Maces & Flails
   481 | D:3      | Reached skill level 1 in Polearms
   481 | D:3      | Reached skill level 1 in Staves
   481 | D:3      | Reached skill level 1 in Slings
   481 | D:3      | Reached skill level 1 in Bows
   481 | D:3      | Reached skill level 1 in Crossbows
   481 | D:3      | Reached skill level 1 in Throwing
   481 | D:3      | Reached skill level 1 in Stealth
   481 | D:3      | Reached skill level 1 in Shields
   481 | D:3      | Reached skill level 1 in Unarmed Combat
   481 | D:3      | Reached skill level 1 in Evocations
   481 | D:3      | Reached XP level 4. HP: 38/38 MP: 7/11
   602 | D:3      | Reached skill level 1 in Conjurations
   602 | D:3      | Reached skill level 1 in Hexes
   602 | D:3      | Reached skill level 1 in Summonings
   602 | D:3      | Reached skill level 1 in Necromancy
   602 | D:3      | Reached skill level 1 in Translocations
   602 | D:3      | Reached skill level 1 in Transmutations
   602 | D:3      | Reached skill level 1 in Fire Magic
   602 | D:3      | Reached skill level 1 in Ice Magic
   602 | D:3      | Reached skill level 1 in Air Magic
   602 | D:3      | Reached skill level 1 in Earth Magic
   602 | D:3      | Reached skill level 1 in Poison Magic
   621 | D:3      | Noticed tidbits's ghost (weakling GnSk)
   663 | D:3      | Reached XP level 5. HP: 42/43 MP: 0/12
   681 | D:3      | Killed tidbits's ghost
   681 | D:3      | Reached skill level 3 in Armour
   731 | D:4      | Noticed Robin
   735 | D:4      | Noticed an ogre
   748 | D:4      | Killed Robin
   753 | D:4      | Killed an ogre
   753 | D:4      | Reached skill level 2 in Invocations
   753 | D:4      | Reached XP level 6. HP: 44/50 MP: 2/13
   793 | D:5      | Entered Level 5 of the Dungeon
   804 | D:5      | Reached skill level 5 in Fighting
   804 | D:5      | Reached skill level 5 in Axes
   804 | D:5      | Reached skill level 5 in Dodging
   816 | D:5      | Noticed an ice beast
   825 | D:5      | Reached skill level 2 in Short Blades
   825 | D:5      | Reached skill level 2 in Long Blades
   825 | D:5      | Reached skill level 2 in Maces & Flails
   825 | D:5      | Reached skill level 2 in Polearms
   825 | D:5      | Reached skill level 2 in Staves
   825 | D:5      | Reached skill level 2 in Slings
   825 | D:5      | Reached skill level 2 in Bows
   825 | D:5      | Reached skill level 2 in Crossbows
   825 | D:5      | Reached skill level 2 in Throwing
   825 | D:5      | Reached skill level 2 in Stealth
   825 | D:5      | Reached skill level 2 in Shields
   825 | D:5      | Reached skill level 2 in Unarmed Combat
   825 | D:5      | Reached skill level 2 in Evocations
   826 | D:5      | Killed an ice beast
   852 | D:5      | Reached XP level 7. HP: 24/56 MP: 2/15
   917 | D:5      | Found a glowing silver altar of Zin.
   985 | D:6      | Reached skill level 2 in Conjurations
   985 | D:6      | Reached skill level 2 in Hexes
   985 | D:6      | Reached skill level 2 in Summonings
   985 | D:6      | Reached skill level 2 in Necromancy
   985 | D:6      | Reached skill level 2 in Translocations
   985 | D:6      | Reached skill level 2 in Transmutations
   985 | D:6      | Reached skill level 2 in Fire Magic
   985 | D:6      | Reached skill level 2 in Ice Magic
   985 | D:6      | Reached skill level 2 in Air Magic
   985 | D:6      | Reached skill level 2 in Earth Magic
   985 | D:6      | Reached skill level 2 in Poison Magic
   990 | D:6      | Reached skill level 3 in Invocations
  1043 | D:6      | Reached XP level 8. HP: 63/63 MP: 8/16
  1052 | D:6      | Found a staircase to the Ecumenical Temple.
  1061 | Temple   | Entered the Ecumenical Temple
  1068 | Temple   | Became a worshipper of Cheibriados the Contemplative
  1123 | D:6      | Reached skill level 6 in Charms
  1161 | D:7      | Reached skill level 3 in Short Blades
  1161 | D:7      | Reached skill level 3 in Long Blades
  1161 | D:7      | Reached skill level 3 in Maces & Flails
  1161 | D:7      | Reached skill level 3 in Polearms
  1161 | D:7      | Reached skill level 3 in Staves
  1161 | D:7      | Reached skill level 3 in Slings
  1161 | D:7      | Reached skill level 3 in Bows
  1161 | D:7      | Reached skill level 3 in Crossbows
  1161 | D:7      | Reached skill level 3 in Throwing
  1161 | D:7      | Reached skill level 4 in Armour
  1161 | D:7      | Reached skill level 3 in Stealth
  1161 | D:7      | Reached skill level 3 in Shields
  1161 | D:7      | Reached skill level 3 in Unarmed Combat
  1161 | D:7      | Reached skill level 3 in Evocations
  1188 | D:6      | Reached skill level 6 in Spellcasting
  1217 | D:7      | Reached * piety under Cheibriados
  1349 | D:8      | Reached skill level 3 in Conjurations
  1349 | D:8      | Reached skill level 3 in Hexes
  1349 | D:8      | Reached skill level 3 in Summonings
  1349 | D:8      | Reached skill level 3 in Necromancy
  1349 | D:8      | Reached skill level 3 in Translocations
  1349 | D:8      | Reached skill level 3 in Transmutations
  1349 | D:8      | Reached skill level 3 in Fire Magic
  1349 | D:8      | Reached skill level 3 in Ice Magic
  1349 | D:8      | Reached skill level 3 in Air Magic
  1349 | D:8      | Reached skill level 3 in Earth Magic
  1349 | D:8      | Reached skill level 3 in Poison Magic
  1349 | D:8      | Reached skill level 4 in Invocations
  1354 | D:8      | Reached XP level 9. HP: 69/69 MP: 10/18
  1389 | D:9      | Reached skill level 6 in Fighting
  1389 | D:9      | Reached skill level 6 in Axes
  1389 | D:9      | Reached skill level 6 in Dodging
  1394 | D:9      | Found a staircase to the Lair.
  1406 | D:9      | Reached skill level 4 in Short Blades
  1406 | D:9      | Reached skill level 4 in Long Blades
  1406 | D:9      | Reached skill level 4 in Maces & Flails
  1406 | D:9      | Reached skill level 4 in Polearms
  1406 | D:9      | Reached skill level 4 in Staves
  1406 | D:9      | Reached skill level 4 in Slings
  1406 | D:9      | Reached skill level 4 in Bows
  1406 | D:9      | Reached skill level 4 in Crossbows
  1406 | D:9      | Reached skill level 4 in Throwing
  1406 | D:9      | Reached skill level 4 in Stealth
  1406 | D:9      | Reached skill level 4 in Shields
  1406 | D:9      | Reached skill level 4 in Unarmed Combat
  1406 | D:9      | Reached skill level 4 in Evocations
  1414 | D:9      | Reached skill level 5 in Armour
  1424 | Lair:1   | Entered Level 1 of the Lair of Beasts
  1424 | Lair:1   | Noticed a spiny frog
  1432 | Lair:1   | Killed a spiny frog
  1471 | Lair:1   | Reached ** piety under Cheibriados
  1471 | Lair:1   | Reached skill level 5 in Invocations
  1491 | Lair:2   | Noticed Erica
  1491 | Lair:2   | Noticed a seven-headed hydra
  1505 | Lair:2   | Killed Erica
  1505 | Lair:2   | Reached skill level 7 in Spellcasting
  1505 | Lair:2   | Reached skill level 4 in Conjurations
  1505 | Lair:2   | Reached skill level 4 in Hexes
  1505 | Lair:2   | Reached skill level 4 in Summonings
  1505 | Lair:2   | Reached skill level 4 in Necromancy
  1505 | Lair:2   | Reached skill level 4 in Translocations
  1505 | Lair:2   | Reached skill level 4 in Transmutations
  1505 | Lair:2   | Reached skill level 4 in Fire Magic
  1505 | Lair:2   | Reached skill level 4 in Ice Magic
  1505 | Lair:2   | Reached skill level 4 in Air Magic
  1505 | Lair:2   | Reached skill level 4 in Earth Magic
  1505 | Lair:2   | Reached skill level 4 in Poison Magic
  1505 | Lair:2   | Reached XP level 10. HP: 40/77 MP: 9/20
  1538 | Lair:2   | Got a slimy flail
  1539 | Lair:2   | Identified the cursed +1 flail of Hamufich {venom, rF++ Int+4} (You found it on level 2 of the Lair of Beasts)
  1553 | Lair:2   | Reached skill level 5 in Short Blades
  1553 | Lair:2   | Reached skill level 5 in Long Blades
  1553 | Lair:2   | Reached skill level 5 in Maces & Flails
  1553 | Lair:2   | Reached skill level 5 in Polearms
  1553 | Lair:2   | Reached skill level 5 in Staves
  1553 | Lair:2   | Reached skill level 5 in Slings
  1553 | Lair:2   | Reached skill level 5 in Bows
  1553 | Lair:2   | Reached skill level 5 in Crossbows
  1553 | Lair:2   | Reached skill level 5 in Throwing
  1553 | Lair:2   | Reached skill level 5 in Stealth
  1553 | Lair:2   | Reached skill level 5 in Shields
  1553 | Lair:2   | Reached skill level 5 in Unarmed Combat
  1553 | Lair:2   | Reached skill level 5 in Evocations
  1587 | Lair:2   | Noticed a spiny frog
  1597 | Lair:2   | Killed a spiny frog
  1597 | Lair:2   | Reached skill level 7 in Charms
  1614 | Lair:3   | Noticed Nergalle
  1637 | Lair:3   | Killed Nergalle
  1637 | Lair:3   | Reached skill level 7 in Fighting
  1637 | Lair:3   | Reached skill level 7 in Axes
  1637 | Lair:3   | Reached skill level 7 in Dodging
  1643 | Lair:3   | Noticed a spiny frog
  1654 | Lair:3   | Killed a spiny frog
  1654 | Lair:3   | Reached skill level 6 in Armour
  1676 | Lair:3   | Reached skill level 6 in Invocations
  1692 | Lair:3   | Noticed a spiny frog
  1701 | Lair:3   | Reached XP level 11. HP: 40/84 MP: 7/22
  1830 | Lair:1   | Found a frozen archway.
  1848 | IceCv    | Entered an ice cave
  1866 | IceCv    | Reached skill level 6 in Short Blades
  1866 | IceCv    | Reached skill level 6 in Long Blades
  1866 | IceCv    | Reached skill level 6 in Maces & Flails
  1866 | IceCv    | Reached skill level 6 in Polearms
  1866 | IceCv    | Reached skill level 6 in Staves
  1866 | IceCv    | Reached skill level 6 in Slings
  1866 | IceCv    | Reached skill level 6 in Bows
  1866 | IceCv    | Reached skill level 6 in Crossbows
  1866 | IceCv    | Reached skill level 6 in Throwing
  1866 | IceCv    | Reached skill level 6 in Stealth
  1866 | IceCv    | Reached skill level 6 in Shields
  1866 | IceCv    | Reached skill level 6 in Unarmed Combat
  1866 | IceCv    | Reached skill level 6 in Evocations
  1867 | IceCv    | Reached *** piety under Cheibriados
  1870 | IceCv    | Reached skill level 5 in Conjurations
  1870 | IceCv    | Reached skill level 5 in Hexes
  1870 | IceCv    | Reached skill level 5 in Summonings
  1870 | IceCv    | Reached skill level 5 in Necromancy
  1870 | IceCv    | Reached skill level 5 in Translocations
  1870 | IceCv    | Reached skill level 5 in Transmutations
  1870 | IceCv    | Reached skill level 5 in Fire Magic
  1870 | IceCv    | Reached skill level 5 in Ice Magic
  1870 | IceCv    | Reached skill level 5 in Air Magic
  1870 | IceCv    | Reached skill level 5 in Earth Magic
  1870 | IceCv    | Reached skill level 5 in Poison Magic
  2042 | Lair:5   | Reached skill level 8 in Spellcasting
  2087 | Lair:5   | Noticed a death yak
  2089 | Lair:5   | Noticed a death yak
  2091 | Lair:5   | Noticed a death yak
  2092 | Lair:5   | Noticed a death yak
  2093 | Lair:5   | Noticed a death yak
  2096 | Lair:5   | Identified 2 scrolls of acquirement
  2113 | Lair:5   | Killed a death yak
  2115 | Lair:5   | Killed a death yak
  2115 | Lair:5   | Reached skill level 7 in Invocations
  2116 | Lair:5   | Killed a death yak
  2116 | Lair:5   | Reached skill level 8 in Fighting
  2116 | Lair:5   | Reached skill level 8 in Axes
  2116 | Lair:5   | Reached skill level 7 in Armour
  2116 | Lair:5   | Reached skill level 8 in Dodging
  2123 | Lair:5   | HP: 1/129 [death yak (12)]
  2123 | Lair:5   | Demolished by a death yak

Skill      XL: |  1  2  3  4  5  6  7  8  9 10 11 |
---------------+----------------------------------+-----
Spellcasting   | 5 6 7 8 |  8.3
Invocations    | 1 2 3 4 5 6 7 |  7.1
Short Blades   | 1 2 3 4 5 6 |  6.5
Long Blades    | 1 2 3 4 5 6 |  6.5
Maces & Flails | 1 2 3 4 5 6 |  6.5
Polearms       | 1 2 3 4 5 6 |  6.5
Staves         | 1 2 3 4 5 6 |  6.5
Slings         | 1 2 3 4 5 6 |  6.5
Bows           | 1 2 3 4 5 6 |  6.5
Crossbows      | 1 2 3 4 5 6 |  6.5
Throwing       | 1 2 3 4 5 6 |  6.5
Stealth        | 1 2 3 4 5 6 |  6.5
Shields        | 1 2 3 4 5 6 |  6.5
Unarmed Combat | 1 2 3 4 5 6 |  6.5
Evocations     | 1 2 3 4 5 6 |  6.5
Conjurations   | 1 2 3 4 5 |  5.3
Hexes          | 1 2 3 4 5 |  5.3
Summonings     | 1 2 3 4 5 |  5.3
Necromancy     | 1 2 3 4 5 |  5.3
Translocations | 1 2 3 4 5 |  5.3
Transmutations | 1 2 3 4 5 |  5.3
Fire Magic     | 1 2 3 4 5 |  5.3
Ice Magic      | 1 2 3 4 5 |  5.3
Air Magic      | 1 2 3 4 5 |  5.3
Earth Magic    | 1 2 3 4 5 |  5.3
Poison Magic   | 1 2 3 4 5 |  5.3
Armour         | 3 4 5 6 7 |  7.0
Fighting       | 5 6 7 8 |  8.0
Axes           | 5 6 7 8 |  8.0
Dodging        | 5 6 7 8 |  8.0
Charms         | 6 7 |  7.7

Action                   |  1- 3 |  4- 6 |  7- 9 | 10-12 || total
-------------------------+-------+-------+-------+-------++-------
Melee: Hand axe          |    76 |    31 |       |       ||   107
       Bite              |     9 |     4 |    22 |    22 ||    57
       Unarmed           |     7 |     1 |       |       ||     8
       War axe           |       |    51 |   118 |   105 ||   274
       Punch             |       |       |     3 |     3 ||     6
       Scimitar          |       |       |       |    13 ||    13
Throw: Stone             |       |     2 |       |       ||     2
       Tomahawk          |       |       |     1 |     7 ||     8
 Cast: Infusion          |     4 |       |       |       ||     4
       Song of Slaying   |     8 |     6 |     8 |     4 ||    26
       Spectral Weapon   |     3 |     7 |    15 |    21 ||    46
       Shroud of Golubri |       |     2 |     5 |    10 ||    17
       Regeneration      |       |       |     4 |    15 ||    19
Evoke: Wand              |       |       |     1 |     8 ||     9
  Use: Scroll            |       |       |     4 |     4 ||     8
       Potion            |       |       |       |     4 ||     4
 Stab: Distracted        |       |     2 |       |     3 ||     5
       Sleeping          |       |       |     1 |     1 ||     2
  Eat: Chunk             |       |     1 |     3 |     2 ||     6
Armor: Leather armour    |     6 |     7 |       |       ||    13
       Skin              |     6 |       |       |       ||     6
       Ring mail         |       |     9 |    12 |    11 ||    32
Dodge: Dodged            |    74 |    87 |   120 |   146 ||   427
       Rpst.: Scimitar   |       |       |       |     4 ||     4

Table legend:
 A = Turns spent in this place as a percentage of turns spent in the entire game.
 B = Non-inter-level travel turns spent in this place as a percentage of non-inter-level travel turns spent in the entire game.
 C = Inter-level travel turns spent in this place as a percentage of turns spent in this place.
 D = Turns resting spent in this place as a percentage of non-inter-level travel turns spent in this place.
 E = Turns spent auto-exploring this place as a percentage of non-inter-level travel turns spent in this place.
 F = Non-inter-level travel turns spent in this place divided by the number of levels of this place that you've seen.
                   A       B       C       D       E      F
               +-------+-------+-------+-------+-------+----------------------
         Total | 100.0 | 100.0 |   0.0 |   0.0 |   0.0 | 132.7
       Dungeon |  66.4 |  66.4 |   0.0 |   0.0 |   0.0 | 156.6
        Temple |   0.7 |   0.7 |   0.0 |   0.0 |   0.0 |  15.0
          Lair |  28.2 |  28.2 |   0.0 |   0.0 |   0.0 | 119.6
      Ice Cave |   4.8 |   4.8 |   0.0 |   0.0 |   0.0 | 101.0
               +-------+-------+-------+-------+-------+----------------------

Table legend:
 A = Kills in this place as a percentage of kills in entire the game.
 B = Kills by you in this place as a percentage of kills by you in the entire game.
 C = Kills by friends in this place as a percentage of kills by friends in the entire game.
 D = Other kills in this place as a percentage of other kills in the entire game.
 E = Experience gained in this place as a percentage of experience gained in the entire game.
 F = Experience gained in this place divided by the number of levels of this place that you have seen.
                   A       B       C       D       E      F
               +-------+-------+-------+-------+-------+----------------------
         Total | 100.0 | 100.0 |   N/A |   N/A | 100.0 | 1008.4
       Dungeon |  74.5 |  74.5 |   N/A |   N/A |  21.5 | 384.8
          Lair |  22.4 |  22.4 |   N/A |   N/A |  72.6 | 2343.2
      Ice Cave |   3.1 |   3.1 |   N/A |   N/A |   5.9 | 956.0
               +-------+-------+-------+-------+-------+----------------------

Vault maps used:
D:1:      saegor_arrival_fortress
D:2:      lemuel_round_altar, nicolae_overflow_hidden_temple, uniq_sigmund
D:3:      first_ration, uniq_ijyb, uniq_grinder
D:4:      uniq_robin
D:5:      nicolae_overflow_quartered_altars
D:6:      minmay_temple_entry_statues_pillars, serial_shops, shop,
          grunt_gozag_statues
D:7:      xom_butterflies, kennysheep_little_box, serial_shops, shop,
          basic_altar
D:8:      grunt_pizzeria
D:9:      evilmike_ruin_ashenzari, due_lair_maze_entry_diamond,
          supply_closet_lemuel
Temple:   nicolae_temple_x_marks_the_god
Lair:1:   portal_ice_cave_demonic_guard, lemuel_fruit_tree
Lair:2:   uniq_sonja, uniq_erica
Lair:3:   minmay_swamp_entry_worms, infiniplex_staircase_pool,
          serial_bayou_shore_a, uniq_urug, uniq_nergalle
Lair:4:   spider_nest_entry_rubble, serial_bayou, serial_bayou_pond_d,
          serial_bayou_pond_e, serial_bayou_pond_b, serial_bayou_ford_a,
          serial_bayou_pond_d, grunt_megastairs_1
Lair:5:   slime_altar_1, st_stairs_3
IceCv:    ice_cave_caverns_03
